AoeStats
← WalkReyPok

Nomad

509003868Analyzed
4v4 RM · 6d ago on Sep 25, 2026· 48m 35s· 8 players
Game mode
Random Map
Map size
231×231
Population
200
Speed
Normal
Resources
Standard
Victory
Conquest
Starting age
Dark Age
Ending age
Imperial Age
RankedLock teamsTeams togetherTeam positionsShared explorationLock speedFull tech treeHidden civsTurbo modeCheats
Victory
Defeat
🇦🇷 Jurchens · Argentina
994
+6
🇦🇷 Goths · Argentina
950
+8
🇦🇷 Vietnamese · Argentina
944
+8
🇦🇷 Huns · Argentina
936
+8
🇧🇷 Teutons · Brazil
853
-10
🇵🇪 Malay · Peru
808
-9
🇵🇪 Portuguese · Peru
676
-6
🇧🇷 Franks · Brazil
674
-5
[MCC] Bacteria-Am
3:56 Loom
14:31 Feudal Age
21:33 Castle Age
19:46 Scale Barding Armor
19:52 Forging
30:04 Chain Barding Armor
30:21 Iron Casting
33:55 Wheelbarrow
34:45 Gold Mining
34:46 Stone Mining
38:37 Fletching
38:48 Padded Archer Armor
39:14 Hand Cart
39:37 Bodkin Arrow
40:15 Fortified Wall
40:01 Murder Holes
41:14 Gold Shaft Mining
40:27 Town Watch
42:18 Leather Archer Armor
46:13 Imperial Age
43:55 Ordonnance Companies
48:54 Chemistry
pedroneto1101
15:53 Feudal Age
15:44 Loom
16:40 Fishing Lines
17:06 Horse Collar
17:49 Double-Bit Axe
19:03 Wheelbarrow
25:27 Castle Age
23:56 Gold Mining
23:58 Stone Mining
23:32 Man-at-Arms
23:58 Arson
25:00 Forging
24:51 Scale Mail Armor
27:39 Town Watch
27:18 Long Swordsman
28:23 Gambesons
28:41 Squires
38:59 Hand Cart
38:46 Town Patrol
Yggdrasil
6:06 Loom
17:00 Feudal Age
16:53 Fishing Lines
17:29 Town Watch
18:21 Wheelbarrow
17:35 Double-Bit Axe
17:43 Gold Mining
23:04 Castle Age
20:57 Stone Mining
23:13 Bow Saw
23:41 Gold Shaft Mining
23:11 Gillnets
23:35 Medium Warships
25:51 Clinker Construction
25:51 Careening
25:49 Fletching
26:24 Treadmill Crane
29:21 Masonry
30:34 Stone Shaft Mining
30:33 Town Patrol
30:50 Hand Cart
31:41 Bodkin Arrow
38:36 Thalassocracy
43:31 Imperial Age
43:46 Conscription
43:40 Squires
43:03 Man-at-Arms
45:17 Chemistry
44:25 Siege Engineers
43:46 Onager
44:00 Pikeman
44:02 Long Swordsman
44:59 Forging
44:50 Bracer
jhoelm460
18:05 Feudal Age
19:23 Wheelbarrow
18:30 Horse Collar
23:46 Fishing Lines
24:30 Padded Archer Armor
24:31 Scale Mail Armor
27:13 Castle Age
38:21 Pikeman
38:22 Man-at-Arms
38:54 Arson
40:28 Hand Cart
43:41 Medium Warships
Non-Fungible-Tonga
11:11 Loom
13:30 Feudal Age
17:46 Double-Bit Axe
20:42 Castle Age
19:20 Horse Collar
19:50 Padded Archer Armor
20:09 Gold Mining
21:12 Scale Mail Armor
24:05 Pikeman
31:05 Leather Archer Armor
30:41 Fletching
31:01 Forging
31:07 Chain Mail Armor
30:43 Gambesons
32:32 Wheelbarrow
31:43 Town Watch
34:26 Hand Cart
38:26 Imperial Age
35:43 Man-at-Arms
36:23 Squires
36:14 Arson
40:01 Elite Fire Lancer
42:24 Halberdier
44:29 Conscription
44:50 Fortified Bastions
45:08 Heavy Rocket Cart
48:06 Chemistry
emistanoff
6:16 Loom
7:11 Loom
13:36 Feudal Age
19:15 Castle Age
21:31 Double-Bit Axe
22:37 Wheelbarrow
21:47 Town Watch
26:36 Bow Saw
26:08 Horse Collar
26:44 Fishing Lines
29:04 Heavy Plow
29:07 Padded Archer Armor
28:57 Fletching
29:18 Forging
29:14 Scale Barding Armor
30:05 Gold Mining
30:06 Stone Mining
35:46 Gold Shaft Mining
38:40 Imperial Age
37:23 Hand Cart
37:06 Elite Skirmisher
38:28 Town Patrol
40:36 Two-Man Saw
39:42 Imperial Skirmisher
44:21 Husbandry
44:21 Cavalier
47:58 Bodkin Arrow
48:19 Leather Archer Armor
WalkReyPok
7:04 Loom
14:57 Feudal Age
16:15 Double-Bit Axe
16:14 Man-at-Arms
21:52 Wheelbarrow
21:49 Scale Mail Armor
31:44 Castle Age
34:06 Pikeman
47:00 Imperial Age
46:52 Anarchy
48:57 Conscription
48:38 Perfusion
lucas.tapiales
7:31 Loom
16:10 Feudal Age
16:52 Fishing Lines
18:51 Double-Bit Axe
27:47 Castle Age
27:10 Forging
27:02 Scale Mail Armor
28:21 Pikeman
29:29 Squires
29:17 Arson
39:30 Bow Saw
39:38 Chain Mail Armor
39:58 Iron Casting
39:50 Fletching
40:02 Padded Archer Armor
41:17 Gillnets
50:27 Imperial Age
Connection lost

Rejoining the realm…

Still unreachable

The connection could not be restored.

Session expired

The server has moved on; the page needs a fresh start.